 Dungeon Crawl Stone Soup version 0.21.1-1-g345015fe64 (webtiles) character file.

250806 Peloso the Hoplite (level 18, -12/170 HPs)
             Began as a Minotaur Fighter on July 14, 2018.
             Was the Champion of Okawaru.
             Killed from afar by a deep elf annihilator (72 damage)
             ... with a crystal spear
             ... on level 1 of the Elven Halls on July 15, 2018.
             The game lasted 02:09:52 (37386 turns).

Peloso the Hoplite (Minotaur Fighter)              Turns: 37386, Time: 02:09:53

Health: -12/170    AC: 35    Str: 34    XL:     18   Next: 92%
Magic:  19/19      EV: 12    Int:  5    God:    Okawaru [******]
Gold:   3358       SH: 20    Dex: 13    Spells: 17/17 levels left

rFire    + + .     SeeInvis +   J - +6 falchion of Yesterday {freeze, rPois rN+ MR+}
rCold    . . .     Gourm    .   e - +2 shield {rF+}
rNeg     + . .     Faith    +   T - +10 plate armour of the Dozen Scars {MR++}
rPois    +         Spirit   .   m - +1 hat {SInv}
rElec    .         Reflect  .   I - +0 cloak {MR+}
rCorr    .         Harm     .   G - +1 pair of gloves {Str+3}
MR       ++++.                  n - +0 pair of boots
Stlth    ..........             s - amulet of faith
HPRegen  0.38/turn              M - ring of Maokuith {rF+ MR- Str+3 Slay+5 SInv}
MPRegen  0.16/turn              Q - ring "Aguvats" {rPois Str+2 Slay+2}

@: no status effects
A: retaliatory headbutt, horns 2
}: 2/15 runes: decaying, gossamer
a: Heroism, Finesse, Renounce Religion


You were on level 1 of the Elven Halls.
You worshipped Okawaru.
Okawaru was exalted by your worship.
You were not hungry.

You visited 7 branches of the dungeon, and saw 33 of its levels.
You also visited: Labyrinth and Volcano.

You collected 4084 gold pieces.
You spent 726 gold pieces at shops.

Inventory:

Hand Weapons
 i - a +3 scimitar of flaming
 J - the +6 falchion of Yesterday (weapon) {freeze, rPois rN+ MR+}
   (You bought it in a shop on level 2 of the Orcish Mines)

   It has been specially enchanted to freeze those struck by it, causing extra
   injury to most foes and up to half again as much damage against particularly
   susceptible opponents.
   It can also slow down cold-blooded creatures.
   It protects you from poison.
   It protects you from negative energy.
   It affects your resistance to hostile enchantments.
Armour
 e - a +2 shield of fire resistance (worn)
 m - a +1 hat of see invisible (worn)
 n - a +0 pair of boots (worn)
 G - a +1 pair of gloves of strength (worn)
 I - a +0 cloak of magic resistance (worn)
 T - the +10 plate armour of the Dozen Scars (worn) {MR++}
   (Okawaru gifted it to you on level 11 of the Dungeon)

   It affects your resistance to hostile enchantments.
Jewellery
 j - an uncursed ring of flight
 s - an amulet of faith (around neck)
 M - the ring of Maokuith (left hand) {rF+ MR- Str+3 Slay+5 SInv}
   (You found it on level 11 of the Dungeon)

   [ring of see invisible]

   It affects your strength (+3).
   It affects your accuracy and damage with ranged weapons and melee attacks
   (+5).
   It protects you from fire.
   It affects your resistance to hostile enchantments.
   It lets you see invisible.
 Q - the ring "Aguvats" (right hand) {rPois Str+2 Slay+2}
   (You found it on level 11 of the Dungeon)

   [ring of poison resistance]

   It affects your strength (+2).
   It affects your accuracy and damage with ranged weapons and melee attacks
   (+2).
   It protects you from poison.
 X - an uncursed ring of protection from cold
Wands
 R - a wand of digging (3)
Scrolls
 a - a scroll of holy word
 h - 4 scrolls of magic mapping
 k - a scroll of identify
 l - 7 scrolls of fear
 t - 7 scrolls of teleportation
 x - 13 scrolls of remove curse
 S - 2 scrolls of blinking
Potions
 c - 4 potions of agility
 d - 2 potions of flight
 o - 3 potions of heal wounds
 w - 11 potions of curing
 A - 2 potions of haste
 C - 4 potions of resistance
 D - 2 potions of might
 N - 3 potions of berserk rage
Books
 b - a book of Maledictions

   Spells                             Type                      Level
   a - Corona                         Hexes                        1
   b - Ensorcelled Hibernation        Hexes/Ice                    2
   c - Confuse                        Hexes                        3
   d - Tukima's Dance                 Hexes                        3
   e - Dazzling Spray                 Conjuration/Hexes            3
 p - the Incunabulum of Battle Magic
   (You found it on level 1 of the Elven Halls)

   Spells                             Type                      Level
   a - Magic Dart                     Conjuration                  1
   b - Sting                          Conjuration/Poison           1
   c - Mephitic Cloud                 Conjuration/Poison/Air       3
   d - Lightning Bolt                 Conjuration/Air              5
   e - Iskenderun's Battlesphere      Conjuration/Charms           5
Comestibles
 f - 55 rations
 g - 3 chunks of flesh


   Skills:
 + Level 17.4 Fighting
 + Level 19.3 Long Blades
 + Level 16.9 Armour
 + Level 6.4 Dodging
 + Level 2.4 Stealth
 + Level 23.5 Shields
 + Level 2.1 Invocations
 + Level 3.6 Evocations


You had 17 spell levels left.
You didn't know any spells.

Dungeon Overview and Level Annotations

Branches:
Dungeon (15/15)            Temple (1/1) D:7            Lair (6/6) D:11
  Swamp (4/4) Lair:2       Spider (4/4) Lair:3        Slime (0/5) Lair:5
    Orc (2/2) D:10            Elf (1/3) Orc:2        Vaults (0/5) D:13
 Depths (0/5) D:15

Altars:
Cheibriados
Elyvilon
Fedhas
Makhleb
Nemelex Xobeh
Okawaru
Ru
Trog
Wu Jian
Xom
Zin
Beogh
Jiyva

Shops:
D:5 (   D:15 %   Orc:2 (*(!   Elf:1 (

Portals:
Hell: Lair:6


Innate Abilities, Weirdness & Mutations

You reflexively headbutt those who attack you in melee.
You have a pair of horns on your head.


Message History

Items here: ( )) [ ÷ an uncursed scimitar of holy wrath; an uncursed longbow; 10 arrows a leather armour; an elf skeleton You see here an arrow.
You see here an arrow.
f - 54 rations (gained 1)
Things that are here:
a scimitar; a leather armour
f - 55 rations (gained 1)
You start resting.
Eating one of 4 chunks of flesh.
You eat one of the 4 chunks of flesh.
This raw flesh tastes terrible.
A deep elf annihilator comes into view. It is wielding a morningstar.
A deep elf annihilator is nearby!
The deep elf annihilator shouts!
The deep elf annihilator points at you and mumbles some strange words.
The iron shot hits you!
The deep elf annihilator casts a spell at you.
The crystal spear hits you!
You die...

.≈≈PP≈≈≈≈≈≈≈≈≈≈≈≈≈P≈≈≈.PP.≈..≈...
P≈≈≈≈≈≈≈≈≈≈.≈≈...................
≈≈≈≈≈P≈≈≈.≈.....##..######.......
≈≈≈≈P≈≈.P....#.#####.#...........
≈≈≈P.≈........#######..#.........
≈≈P..........#.#.................
≈≈≈...## #..># e.#.####'####.#...
≈#...#####...###...#.......#...#.
##..##.......))(@###.#...#.###.#.
# ...........(..#...........#.#.
# #).......)...#.#..#'#.)#.#...
###.#..(#...#...##.##...#)..
#....(...#.))..'...'.))).#.
##..(......)#...##.##...#...
#.........#.#.#..#'#..#.#...
##.(..###..#.#...........#..#
#####..(.## ##...###.#...#.###..#


You could see a deep elf annihilator.

Vanquished Creatures
  the Lernaean hydra (Swamp:4)
  Bai Suzhen (Spider:4)
  Nikola (Swamp:3)
  Gastronok (Lair:2)
  Frances (Spider:1)
  A thorn hunter (Swamp:4)
  Kirke (D:12)
  Roxanne (Swamp:3)
  A fire giant (D:15)
  5 ghost moths
  Aizul (Swamp:1)
  The ghost of Htamos the Protected, a journeyman MiFi of Qazlal (Elf:1)
  5 emperor scorpions (Spider:4)
  3 very ugly things
  2 entropy weavers
  A dire elephant (Lair:6)
  A spark wasp (Spider:4)
  Azrael (Spider:2)
  A deep elf annihilator (Elf:1)
  A fire dragon (Lair:6)
  2 green deaths (Swamp:4)
  A minotaur (Lab)
  An ettin (D:13)
  A deep elf death mage (Elf:1)
  Snorg (D:10)
  Josephine (D:14)
  Erolcha (Orc:2)
  2 ogre magi
  20 hydras
  A catoblepas (Lair:3)
  An ice dragon (D:13)
  A ghost crab (Swamp:3)
  Erica (D:9)
  10 alligators
  The ghost of fellowfoe the Covert, a journeyman SpAs of Okawaru (Lair:1)
  2 centaur warriors
  A deep troll earth mage (D:13)
  2 tengu warriors
  5 death yaks (Lair:3)
  9 two-headed ogres
  8 death scarabs (Spider:4)
  Urug (Lair:3)
  A thrashing horror (Swamp:4)
  4 orc high priests (Orc:2)
  The ghost of flamingdaze the Carver, a novice MiBe of Trog (D:8)
  5 deep elf knights
  The ghost of Loge the Destroyer, a novice DEFE of Vehumet (D:9)
  A sixfirhy (Lair:6)
  A hell knight (Volcano)
  5 skeletal warriors (D:13)
  2 spriggan druids (Swamp:3)
  A wizard (Lair:6)
  3 unseen horrors
  8 swamp dragons
  2 deep elf archers (Elf:1)
  A shambling mangrove (Swamp:2)
  An orc knight (D:13)
  A wolf spider zombie (D:15)
  A lindwurm (Lair:6)
  5 spectral wolf spiders (Spider:4)
  25 wolf spiders
  19 orb spiders
  An orc sorcerer (Orc:2)
  21 deep elf magi
  16 ugly things
  A cyclops (D:12)
  12 elephants
  5 moths of wrath
  Joseph (D:9)
  7 black mambas
  13 spiny frogs
  Maurice (D:8)
  2 torpor snails
  Psyche (D:9)
  2 molten gargoyles (Volcano)
  A spiny frog (shapeshifter) (D:14)
  3 orange demons
  3 redback zombies (Spider:4)
  3 spectral redbacks (Spider:4)
  4 ice devils (Lair:6)
  8 komodo dragons
  15 rime drakes
  An efreet (D:13)
  17 demonic crawlers
  A hellwing (Lair:6)
  18 jumping spiders
  A tengu conjurer (Swamp:1)
  7 trolls
  3 meliai (D:13)
  A wind drake (shapeshifter) (D:13)
  9 polar bears
  14 hornets
  A queen bee (D:13)
  5 spectral tarantellas (Spider:4)
  27 slime creatures
  4 spectral jumping spiders (Spider:4)
  8 blink frogs (Swamp:4)
  A jumping spider zombie (Spider:4)
  15 hippogriffs
  8 tyrant leeches
  8 bog bodies
  15 dream sheep
  A tarantella zombie (Spider:4)
  10 spriggans
  A large abomination (Swamp:4)
  5 shadows
  55 redbacks
  A human (D:8)
  32 tarantellas
  A water elemental (Elf:1)
  7 wraiths
  A hog (shapeshifter) (D:14)
  Eustachio (D:6)
  3 wyverns
  33 yaks
  3 fire elementals (Spider:2)
  A golden eye (shapeshifter) (D:13)
  2 fire bats (Volcano)
  2 hungry ghosts
  8 hogs
  A basilisk (D:13)
  9 steam dragons
  27 vampire mosquitoes
  4 insubstantial wisps (Swamp:4)
  2 wargs (Orc:2)
  14 swamp worms
  2 acid dragons
  20 water moccasins
  10 porcupines
  10 hell hounds
  12 orc warriors
  3 sky beasts
  5 ice beasts
  5 black bears
  2 hornet zombies (Spider:4)
  The ghost of AAA992 the Poker, an amateur MiMo (D:3)
  7 necrophages
  12 wolves
  A swamp drake (Swamp:2)
  2 eyes of draining
  4 phantoms
  8 ogres
  13 crocodiles
  11 centaurs
  6 big kobolds
  22 bullfrogs
  2 earth elementals
  3 wyvern zombies
  37 killer bees
  4 scorpions
  22 wights
  4 electric eels
  6 howler monkeys
  3 centaur zombies
  3 crimson imps
  4 bullfrog zombies
  7 lava snakes (Volcano)
  3 jellies
  A quasit (D:6)
  24 orc priests
  A bullfrog skeleton (D:8)
  11 hounds
  24 orc wizards
  4 centaur skeletons
  7 iguanas
  12 worker ants
  A hound zombie (D:4)
  A hound skeleton (D:7)
  A mummy (D:5)
  A howler monkey skeleton (D:7)
  16 adders
  2 shadow imps
  An ooze (D:4)
  2 adder zombies
  An adder skeleton (D:6)
  A worm (D:2)
  7 dart slugs
  3 leopard geckos
  86 orcs
  7 bats
  7 giant cockroaches
  8 hobgoblins
  7 jackals
  4 quokkas
  3 ball pythons
  A ball python skeleton (D:6)
  4 frilled lizards
  9 goblins
  A jackal skeleton (D:5)
  39 kobolds
  A quokka skeleton (D:4)
  12 rats
  2 fungi
  4 plants
1270 creatures vanquished.

Vanquished Creatures (others)
  Arachne (Spider:3)
  A deep elf mage (Elf:1)
  A rime drake (Lair:6)
  A shadow (Swamp:4)
  An orc priest (Orc:2)
  10 fungi
  5 plants
20 creatures vanquished.

Grand Total: 1290 creatures vanquished

Notes
Turn   | Place    | Note
-------+----------+-------------------------------------------
     0 | D:1      | Peloso the Minotaur Fighter began the quest for the Orb.
     0 | D:1      | Reached XP level 1. HP: 19/19 MP: 0/0
   344 | D:1      | Reached XP level 2. HP: 22/27 MP: 1/1
   614 | D:1      | Reached skill level 4 in Shields
   760 | D:1      | Reached XP level 3. HP: 33/33 MP: 2/2
  1001 | D:2      | Reached skill level 1 in Dodging
  1347 | D:2      | Found an ornate altar of the Wu Jian Council.
  1350 | D:2      | Reached XP level 4. HP: 40/40 MP: 3/3
  1713 | D:3      | Noticed a bullfrog
  1718 | D:3      | Noticed AAA992's ghost (amateur MiMo)
  1739 | D:3      | Found a snail-covered altar of Cheibriados.
  1840 | D:3      | Reached XP level 5. HP: 46/46 MP: 4/4
  1860 | D:3      | Killed AAA992's ghost
  1860 | D:3      | Reached skill level 5 in Shields
  2140 | D:3      | Reached XP level 6. HP: 50/53 MP: 5/5
  2385 | D:3      | Reached skill level 5 in Armour
  2648 | D:4      | Reached skill level 5 in Long Blades
  2855 | D:4      | Reached XP level 7. HP: 60/60 MP: 6/6
  3040 | D:4      | Reached skill level 6 in Shields
  3135 | D:5      | Entered Level 5 of the Dungeon
  3157 | D:5      | Found a sacrificial altar of Ru.
  3198 | D:5      | Found Pum Deuny's Weapon Shoppe.
  3479 | D:5      | Found a sparkling altar of Nemelex Xobeh.
  3485 | D:5      | Found a glowing silver altar of Zin.
  3485 | D:5      | Found a white marble altar of Elyvilon.
  3487 | D:5      | Found a blossoming altar of Fedhas.
  3680 | D:5      | Found a snail-covered altar of Cheibriados.
  3780 | D:6      | Found an iron altar of Okawaru.
  3788 | D:6      | Became a worshipper of Warmaster Okawaru
  3818 | D:6      | Reached skill level 5 in Fighting
  3818 | D:6      | Reached XP level 8. HP: 63/68 MP: 7/7
  4113 | D:6      | Reached * piety under Okawaru
  4113 | D:6      | Reached skill level 7 in Shields
  4169 | D:6      | Noticed Eustachio
  4196 | D:6      | Killed Eustachio
  4727 | D:7      | Noticed a hornet
  4741 | D:7      | Killed a hornet
  4741 | D:7      | Reached XP level 9. HP: 67/74 MP: 8/8
  4754 | D:7      | Reached ** piety under Okawaru
  4861 | D:7      | Reached skill level 10 in Long Blades
  5077 | D:7      | Reached skill level 1 in Stealth
  5077 | D:7      | Reached skill level 8 in Shields
  5077 | D:7      | Reached skill level 1 in Evocations
  5189 | D:7      | Found a staircase to the Ecumenical Temple.
  5230 | Temple   | Entered the Ecumenical Temple
  5478 | D:7      | Paralysed by a hornet for 3 turns
  5486 | D:7      | Paralysed by a hornet for 1 turns
  5488 | D:7      | Reached *** piety under Okawaru
  6102 | D:8      | Noticed flamingdaze's ghost (novice MiBe)
  6135 | D:8      | Killed flamingdaze's ghost
  6135 | D:8      | Reached skill level 9 in Shields
  6135 | D:8      | Reached XP level 10. HP: 42/84 MP: 5/9
  6461 | D:8      | Reached **** piety under Okawaru
  6656 | D:8      | Noticed Maurice
  6675 | D:8      | Killed Maurice
  7352 | D:9      | Noticed Psyche
  7407 | D:9      | Noticed a centaur warrior
  7429 | D:9      | Killed a centaur warrior
  7429 | D:9      | Reached skill level 10 in Shields
  7429 | D:9      | Reached skill level 1 in Invocations
  7442 | D:9      | Noticed Erica
  7450 | D:9      | Killed Erica
  7630 | D:9      | Killed Psyche
  7630 | D:9      | Reached ***** piety under Okawaru
  7882 | D:9      | Noticed Loge's ghost (novice DEFE)
  7884 | D:9      | Noticed Joseph
  7896 | D:9      | Killed Joseph
  7896 | D:9      | Reached XP level 11. HP: 55/94 MP: 11/11
  7898 | D:9      | Killed Loge's ghost
  8041 | D:10     | Entered Level 10 of the Dungeon
  8060 | D:10     | Noticed Snorg
  8070 | D:10     | Killed Snorg
  8070 | D:10     | Received a gift from Okawaru
  8115 | D:10     | Reached skill level 11 in Shields
  8168 | D:10     | Found a staircase to the Orcish Mines.
  8176 | D:10     | Found a roughly hewn altar of Beogh.
  8934 | D:11     | Found a staircase to the Lair.
  9065 | D:11     | Noticed a four-headed hydra
  9078 | D:11     | Killed a one-headed hydra
  9078 | D:11     | Reached skill level 10 in Armour
  9235 | D:11     | Got a faintly glowing tin ring
  9408 | D:11     | Found a huge runed gate.
  9410 | D:11     | Found a huge runed gate.
  9410 | D:11     | Found a huge runed gate.
  9411 | D:11     | Found a huge runed gate.
  9549 | D:11     | Got a fine silver ring
 10509 | D:11     | Received a gift from Okawaru
 10516 | D:11     | Reached skill level 12 in Shields
 10516 | D:11     | Reached XP level 12. HP: 73/105 MP: 12/12
 10519 | D:11     | Reached ****** piety under Okawaru
 10906 | D:11     | Got a brightly glowing plate armour {god gift}
 10917 | D:11     | Identified the +10 plate armour of the Dozen Scars {MR++} (Okawaru gifted it to you on level 11 of the Dungeon)
 10921 | D:11     | Identified the ring of Maokuith {rF+ MR- Str+3 Slay+5 SInv} (You found it on level 11 of the Dungeon)
 10923 | D:11     | Identified the ring "Aguvats" {rPois Str+2 Slay+2} (You found it on level 11 of the Dungeon)
 10966 | Lair:1   | Entered Level 1 of the Lair of Beasts
 11133 | Lair:1   | Reached skill level 10 in Fighting
 11273 | Lair:1   | Noticed fellowfoe's ghost (journeyman SpAs)
 11302 | Lair:1   | Killed fellowfoe's ghost
 12126 | Lair:2   | Noticed Gastronok
 12138 | Lair:2   | Killed Gastronok
 12138 | Lair:2   | Reached skill level 13 in Shields
 12225 | Lair:2   | Received a gift from Okawaru
 12331 | Lair:2   | Found a staircase to the Swamp.
 12738 | Lair:2   | Reached skill level 5 in Dodging
 13378 | Lair:3   | Reached XP level 13. HP: 109/116 MP: 13/13
 13391 | Lair:3   | Found a hole to the Spider Nest.
 13498 | Lair:3   | Noticed Urug
 13513 | Lair:3   | Killed Urug
 13555 | Lair:3   | Reached skill level 15 in Long Blades
 13563 | Lair:3   | Received a gift from Okawaru
 13590 | Lair:3   | Reached skill level 14 in Shields
 14924 | Lair:5   | Found a labyrinth entrance.
 14942 | Lab      | Entered a labyrinth
 15003 | Lab      | Found an exit through the horrors of the Abyss.
 15250 | Lab      | Found an exit through the horrors of the Abyss.
 15483 | Lab      | Found an exit through the horrors of the Abyss.
 15579 | Lab      | Noticed a minotaur
 15583 | Lab      | Killed a minotaur
 15591 | Lab      | Found the +0 Maxwell's etheric cage {RegenMP+ *Contam rElec MP+4}
 16578 | Lair:5   | Found a viscous altar of Jiyva.
 16588 | Lair:5   | Received a gift from Okawaru
 16592 | Lair:5   | Found a staircase to the Slime Pits.
 16780 | Lair:6   | Entered Level 6 of the Lair of Beasts
 16833 | Lair:6   | Reached skill level 15 in Shields
 16833 | Lair:6   | Reached XP level 14. HP: 102/126 MP: 15/15
 16926 | Lair:6   | Found a dark tunnel.
 16936 | Volcano  | Entered a volcano
 17450 | Volcano  | Found a radiant altar of Vehumet.
 17692 | Lair:6   | Reached skill level 16 in Shields
 17755 | Lair:6   | Received a gift from Okawaru
 17760 | Lair:6   | Got a crystal falchion {god gift}
 17761 | Lair:6   | Identified the +1 falchion "Tiwke" {venom, rElec rF+ MR+ Int+3} (Okawaru gifted it to you on level 6 of the Lair of Beasts)
 18268 | Lair:6   | Found a burning altar of Makhleb.
 18278 | Lair:6   | Received a gift from Okawaru
 18315 | Lair:6   | Found a gateway to Hell.
 19105 | D:12     | Found a bloodstained altar of Trog.
 19482 | D:12     | Noticed Kirke
 19486 | D:12     | Reached XP level 15. HP: 130/136 MP: 16/16
 19502 | D:12     | Killed Kirke
 19502 | D:12     | Reached skill level 17 in Shields
 19783 | D:13     | Received a gift from Okawaru
 20066 | D:13     | Got a polished rapier {flame}
 20067 | D:13     | Identified the +1 rapier "Dragon's Tongue" {flame, rElec rPois rC- MR++} (You took it off an orc wizard on level 13 of the Dungeon)
 20638 | D:13     | Found a gate to the Vaults.
 21506 | D:14     | You fall through a shaft!
 21506 | D:15     | Entered Level 15 of the Dungeon
 21530 | D:14     | Reached skill level 18 in Shields
 21608 | D:14     | Noticed Josephine
 21616 | D:14     | Killed Josephine
 21855 | D:14     | Found a white marble altar of Elyvilon.
 21929 | D:14     | Received a gift from Okawaru
 21935 | D:14     | Got a polished executioner's axe {god gift}
 22190 | D:14     | Found a sacrificial altar of Ru.
 22320 | Orc:1    | Entered Level 1 of the Orcish Mines
 22341 | Orc:1    | Found a roughly hewn altar of Beogh.
 22574 | Orc:2    | Entered Level 2 of the Orcish Mines
 22574 | Orc:2    | Found a staircase to the Elven Halls.
 23441 | Orc:2    | Noticed Erolcha
 23450 | Orc:2    | Killed Erolcha
 23467 | Orc:2    | Found a roughly hewn altar of Beogh.
 23567 | Orc:2    | Found Kymoasagg's Distillery.
 23567 | Orc:2    | Found Lalygh's Antique Weapon Shoppe.
 23568 | Orc:2    | Found Qedowuef's Antique Weapon Emporium.
 23571 | Orc:2    | Found Memutaw's Assorted Antiques.
 23578 | Orc:2    | Bought a potion of heal wounds for 65 gold pieces
 23578 | Orc:2    | Bought a potion of heal wounds for 65 gold pieces
 23579 | Orc:2    | Bought a twisted falchion for 200 gold pieces
 23583 | Orc:2    | Identified the +6 falchion of Yesterday {freeze, rPois rN+ MR+} (You bought it in a shop on level 2 of the Orcish Mines)
 23587 | Orc:2    | Bought a runed demon blade for 396 gold pieces
 24456 | D:15     | Received a gift from Okawaru
 24465 | D:15     | Reached XP level 16. HP: 134/147 MP: 17/17
 24514 | D:15     | Found Cukhun's Food Shop.
 24539 | D:15     | Found a glowing silver altar of Zin.
 24606 | D:15     | Found a staircase to the Depths.
 25278 | Swamp:1  | Entered Level 1 of the Swamp
 25495 | Swamp:1  | Reached skill level 19 in Shields
 25551 | Swamp:1  | Found a shimmering altar of Xom.
 25818 | Swamp:1  | Noticed Aizul
 25830 | Swamp:1  | Killed Aizul
 25830 | Swamp:1  | Reached skill level 15 in Armour
 26230 | Swamp:2  | Reached skill level 15 in Fighting
 26852 | Swamp:3  | Received a gift from Okawaru
 26915 | Swamp:3  | Noticed Nikola
 26929 | Swamp:3  | Killed Nikola
 27530 | Swamp:3  | Noticed Roxanne
 27557 | Swamp:3  | Killed Roxanne
 27558 | Swamp:3  | Identified Roxanne's Handbook of Earth (You took it off Roxanne on level 3 of the Swamp)
 28077 | Swamp:4  | Entered Level 4 of the Swamp
 28126 | Swamp:4  | Reached skill level 20 in Shields
 28391 | Swamp:4  | Noticed a thorn hunter
 28401 | Swamp:4  | Killed a thorn hunter
 28401 | Swamp:4  | Received a gift from Okawaru
 28419 | Swamp:4  | Got a smelly crystal plate armour {god gift}
 28497 | Swamp:4  | Reached XP level 17. HP: 147/156 MP: 18/18
 28525 | Swamp:3  | Identified the +0 crystal plate armour "Unuace" {rC- Regen+ Dex+7} (Okawaru gifted it to you on level 4 of the Swamp)
 29427 | Swamp:4  | Noticed the 27-headed Lernaean hydra
 29618 | Swamp:4  | Killed the 22-headed Lernaean hydra
 29618 | Swamp:4  | Reached skill level 21 in Shields
 30177 | Swamp:4  | Received a gift from Okawaru
 30251 | Swamp:4  | Got a decaying rune of Zot
 30851 | Spider:1 | Entered Level 1 of the Spider Nest
 30955 | Spider:1 | Noticed Frances
 30963 | Spider:1 | Killed Frances
 31364 | Spider:1 | Got a dazzling buckler
 31375 | Spider:1 | Identified the +3 buckler of Enetsutt {+Fly rC- rN+ Dex+3} (You found it on level 1 of the Spider Nest)
 32100 | Spider:2 | Noticed Azrael
 32122 | Spider:2 | Killed Azrael
 32688 | Spider:3 | Received a gift from Okawaru
 32724 | Spider:3 | Reached skill level 22 in Shields
 32902 | Spider:3 | Noticed Arachne
 32949 | Spider:3 | Killed Arachne
 33032 | Spider:3 | Got a bloodstained large shield
 33043 | Spider:3 | Identified the +5 large shield of the Elven Halls {rElec rN+ Regen+ Str-3} (You found it on level 3 of the Spider Nest)
 33707 | Spider:3 | Reached XP level 18. HP: 163/168 MP: 19/19
 33958 | Spider:4 | Entered Level 4 of the Spider Nest
 35104 | Spider:4 | Received a gift from Okawaru
 35374 | Spider:4 | Noticed Bai Suzhen
 35409 | Spider:4 | Killed Bai Suzhen
 35627 | Spider:4 | Received a gift from Okawaru
 35869 | Spider:4 | Reached skill level 23 in Shields
 36352 | Spider:4 | Got a gossamer rune of Zot
 36832 | Elf:1    | Entered Level 1 of the Elven Halls
 36856 | Elf:1    | Noticed Htamos's ghost (journeyman MiFi)
 37074 | Elf:1    | Found Kiheluf's Antique Weapon Shoppe.
 37078 | Elf:1    | Received a gift from Okawaru
 37172 | Elf:1    | Identified the Incunabulum of Battle Magic
 37202 | Elf:1    | Killed Htamos's ghost
 37386 | Elf:1    | Killed from afar by a deep elf annihilator

Skill      XL: |  1  2  3  4  5  6  7  8  9 10 11 12 13 14 15 16 17 18 |
---------------+-------------------------------------------------------+-----
Armour         | 4 5 6 8 9 10 11 12 13 14 15 16 | 16.9
Fighting       | 4 5 6 8 9 11 12 13 14 15 16 17 | 17.4
Shields        | 4 5 6 7 9 10 12 13 15 16 18 20 22 23 | 23.5
Dodging        | 1 2 3 4 5 6 |  6.4
Long Blades    | 3 4 5 7 9 11 12 13 14 15 16 17 18 19 | 19.3
Stealth        | 1 2 |  2.4
Evocations     | 1 2 3 |  3.6
Invocations    | 1 2 |  2.1

Action                   |  1- 3 |  4- 6 |  7- 9 | 10-12 | 13-15 | 16-18 || total
-------------------------+-------+-------+-------+-------+-------+-------++-------
Melee: Long sword        |   119 |   174 |   141 |       |       |       ||   434
       Headbutt          |    28 |    43 |    99 |   169 |   319 |   507 ||  1165
       Falchion          |       |       |   252 |   156 |    71 |   739 ||  1218
       Scimitar          |       |       |       |   481 |   903 |   616 ||  2000
       Demon blade       |       |       |       |       |    22 |    14 ||    36
Invok: Heroism           |       |       |     1 |     3 |     2 |     4 ||    10
 Abil: Evoke Flight      |       |       |       |       |     1 |       ||     1
Evoke: Wand              |       |       |     3 |    12 |    19 |     1 ||    35
  Use: Scroll            |       |     7 |     1 |    16 |     7 |     5 ||    36
       Potion            |       |       |     3 |     2 |       |     6 ||    11
 Stab: Held in net/web   |       |       |       |       |       |     1 ||     1
  Eat: Chunk             |     2 |     5 |     9 |    36 |    30 |    31 ||   113
       Ration            |       |       |       |     1 |       |     4 ||     5
Armor: Scale mail        |     9 |       |       |       |       |       ||     9
       Chain mail        |    74 |   114 |   141 |     9 |       |       ||   338
       Plate armour      |       |       |       |   218 |   389 |   722 ||  1329
Dodge: Dodged            |    23 |    62 |   163 |   181 |   316 |   485 ||  1230
Block: Shield            |    60 |   116 |   191 |   339 |   782 |  1319 ||  2807
       Rpst.: Long sword |     4 |    17 |    17 |       |       |       ||    38
       Falchion          |       |       |    19 |    17 |     4 |    35 ||    75
       Scimitar          |       |       |       |    32 |    51 |    41 ||   124
       Demon blade       |       |       |       |       |     1 |       ||     1
